 Dungeon Crawl Stone Soup version 0.28.0-43-g3370ac3207 (webtiles) character file.

Game seed: 8996930036196655895

77 tizbic2 the Sneak (level 4, -1/44 HPs)
             Began as a Naga Berserker on Mar 21, 2022.
             Was a Follower of Trog.
             Splashed by a jelly's acid (10 damage)
             ... on level 2 of the Dungeon.
             The game lasted 00:08:41 (1896 turns).

tizbic2 the Sneak (Naga Berserker)                  Turns: 1896, Time: 00:08:42

Health: -1/44      AC: -3    Str: 20    XL:     4   Next: 33%
Magic:  4/4        EV:  9    Int:  7    God:    Trog [*.....]
Gold:   99         SH:  0    Dex: 12    Spells: 3/3 levels left

rFire   . . .      SeeInvis +   w - +0 dagger (venom)
rCold   . . .      Faith    .   (no shield)
rNeg    . . .      Spirit   .   i - +0 ring mail
rPois   +          Reflect  .   (no helmet)
rElec   .          Harm     .   (no cloak)
rCorr   .          Rampage  .   (no gloves)
Will    .....                   (no barding)
Stlth   ++........              (no amulet)
HPRegen 0.14/turn               (no ring)
MPRegen 0.09/turn               (no ring)

@: corroded, very slow
A: AC +1, large, see invisible, deformed body, poison resistance, slowness 2,
spit poison 1, naga tail 1
a: Spit Poison, Renounce Religion, Berserk


You were on level 2 of the Dungeon.
You worshipped Trog.
Trog was aware of your devotion.
You visited 1 branch of the dungeon, and saw 2 of its levels.

You collected 99 gold pieces.

Inventory:

Hand Weapons
 a - a +0 short sword
 w - a +0 dagger of venom (weapon)
Missiles
 c - 4 poisoned darts
 d - 21 stones
Armour
 i - a +0 ring mail (worn)
Scrolls
 e - a scroll of amnesia {unknown}
 f - 2 scrolls of identify {unknown}
 h - a scroll of fog {unknown}
Potions
 b - a potion of haste {unknown}
 g - a potion of curing {unknown}
 j - a potion of heal wounds {unknown}
 k - a potion of attraction {unknown}


   Skills:
 + Level 3.7 Fighting
 - Level 3.1 Short Blades
 - Level 1.5 Armour
 - Level 1.5 Dodging
 * Level 4.8 Stealth


You had 3 spell levels left.
You didn't know any spells.
Your spell library was empty.

Dungeon Overview and Level Annotations

Branches:
Dungeon (2/15)

Altars:


Innate Abilities, Weirdness & Mutations

Your serpentine skin is tough. (AC +1)
You have supernaturally acute eyesight. (SInv)
Armour fits poorly on your strangely shaped body.
Your system is resistant to poisons. (rPois)
You cover ground very slowly.
You can spit poison.
You have a snake-like lower body.


Message History

You barely miss the giant cockroach. You hit the giant cockroach.
You kill the giant cockroach!
Trog accepts your kill.
Aiming: Spit Poison (1% risk of failure)
Press: ? - help, Q - select action, (/) - cycle Shift-Dir - straight line, f - quokka
Aim: a quokka (45% to hit)
The splash of poison misses the quokka.
The quokka twitches its whiskers.
You hit the quokka.
The quokka is poisoned.
The quokka is moderately wounded.
The quokka barely misses you.
You hit the quokka.
The quokka looks as sick as possible!
The quokka is severely wounded.
You have got your breath back.
You kill the quokka!
Trog accepts your kill.
You see here a quokka corpse.
Found a club.
Found a stone staircase leading up.
You see here a +0 club.
A jelly comes into view.
The jelly quivers.
Aiming: Spit Poison (1% risk of failure)
Press: ? - help, Q - select action, (/) - cycle Shift-Dir - straight line, f - jelly
Aim: a jelly (100% to hit)
You fail to use your ability.
You hit the jelly but do no damage. The acid corrodes you!
Your hands burn!
The jelly hits you.
You are splashed with acid!
You hit the jelly.
Your hands burn!
The jelly is lightly wounded.
You hit the jelly but do no damage.
Your hands burn!
The jelly is lightly wounded.
The jelly hits you. The acid corrodes you!
You are splashed with acid!
The jelly hits you.
You are splashed with acid!
* * * LOW HITPOINT WARNING * * *
You fail to use your ability.
The jelly hits you.
* * * LOW HITPOINT WARNING * * *
You are splashed with acid!
You die...

# #.....######......
#.#.............## .
#.#......†####...##.
#.#......†..####....
#.......##.......†..
##......########.###
##.#..## #.# #J#..#
#.### #@#..# #....
#.#..# #.... #.#..#
#.... #..).# #....
##.#.# #.... #.#.#
#.).. #.#<# #....
#.#.# #.[.. ######
#####


You could see a jelly.

Vanquished Creatures
  2 adders (D:2)
  A worm (D:1)
  2 bats
  5 endoplasms
  2 giant cockroaches
  10 goblins
  6 hobgoblins
  4 kobolds
  5 quokkas
  2 ball pythons
  4 frilled lizards
  9 rats
52 creatures vanquished.

Vanquished Creatures (others)
  A demonic plant (D:1)
1 creature vanquished.

Grand Total: 53 creatures vanquished

Notes
Turn   | Place    | Note
-------+----------+-------------------------------------------
     0 | D:1      | tizbic2 the Naga Berserker began the quest for the Orb.
     0 | D:1      | Reached XP level 1. HP: 21/21 MP: 1/1
    81 | D:1      | Reached skill level 1 in Stealth
   248 | D:1      | Reached XP level 2. HP: 28/28 MP: 2/2
   266 | D:1      | Reached skill level 2 in Stealth
   625 | D:1      | Found a faded altar of an unknown god.
   625 | D:1      | Noticed a soul eater
   633 | D:1      | Reached skill level 3 in Stealth
   775 | D:1      | Reached XP level 3. HP: 29/34 MP: 3/3
  1483 | D:2      | Reached skill level 4 in Stealth
  1666 | D:2      | Reached XP level 4. HP: 39/44 MP: 4/4
  1896 | D:2      | Splashed by a jelly's acid

Illustrated notes

Levels and vault maps discovered:
D:1:      minmay_arrival_five_plusses, layout_basic,
          dreamdust_ecumenical_altar_sealed_demon, st_stairs_11
D:2:      layout_rooms, minmay_increasing_density

Skill      XL: |  1  2  3 |
---------------+----------+-----
Stealth        | 1 3 4 |  4.8
Fighting       | |  3.7
Short Blades   | |  3.1
Armour         | |  1.5
Dodging        | |  1.5

Action                   |  1- 3 |  4- 6 || total
-------------------------+-------+-------++-------
Melee: Dagger            |    78 |    22 ||   100
       Short sword       |     6 |       ||     6
Throw: Stone             |     3 |       ||     3
       Dart              |       |     2 ||     2
Invok: Berserk           |     1 |       ||     1
 Abil: Spit Poison       |    31 |     9 ||    40
 Stab: Sleeping          |     8 |       ||     8
       Distracted        |     1 |       ||     1
Armor: Animal skin       |    14 |     5 ||    19
       Ring mail         |       |     1 ||     1
Dodge: Dodged            |    39 |     7 ||    46
